 Dungeon Crawl Stone Soup version 0.17.0 (webtiles) character file.

13017 Eucla the Fighter (level 11, -1/156 HPs)
             Began as a Minotaur Fighter on Nov 14, 2015.
             Was a High Priest of Okawaru.
             Slain by an 18-headed hydra (3 damage)
             ... on level 3 of the Lair of Beasts.
             The game lasted 00:18:21 (10783 turns).

Eucla the Fighter (Minotaur Fighter)               Turns: 10783, Time: 00:18:21

Health: -1/156     AC: 25    Str: 25    XL:     11   Next: 70%
Magic:  10/10      EV:  2    Int: 10    God:    Okawaru [*****.]
Gold:   464        SH:  0    Dex: 12    Spells: 0 memorised, 10 levels left

rFire  . . .     SeeInvis .     D - +10 hand axe of the Old World {chop, +Inv Str+3}
rCold  . . .     Clarity  .     (armour currently unavailable)
rNeg   + + +     SustAt   .     (no shield)
rPois  +         Gourm    .     (helmet currently unavailable)
rElec  .         Spirit   .     (cloak currently unavailable)
rCorr  .         Warding  .     (gloves currently unavailable)
rMut   .         NoTele   +     (boots currently unavailable)
MR     .....                    (no amulet)
Stlth  ++++......               q - +5 ring of intelligence
                                s - +2 ring of slaying

@: tree-form, heroism, not resistant to hostile enchantments, stealthy
A: (retaliatory headbutt), (horns 0)
a: Heroism, Finesse, Renounce Religion, Evoke Invisibility


You were on level 3 of the Lair of Beasts.
You worshipped Okawaru.
Okawaru was extremely pleased with you.
You were not hungry.
You were a tree.
You visited 3 branches of the dungeon, and saw 12 of its levels.
You also visited: Labyrinth and Sewer.

You collected 648 gold pieces.
You spent 184 gold pieces at shops.

Inventory:

Hand Weapons
 a - a +2 executioner's axe of chopping
 D - the +10 hand axe of the Old World (weapon) {chop, +Inv Str+3}
   (You bought it in a shop on level 4 of the Dungeon)

   It inflicts extra damage upon your enemies.
   It affects your strength (+3).
   It lets you turn invisible.
Armour
 v - a +1 cloak (melded)
 J - a +2 scale mail of poison resistance
 M - the +10 ring mail of Yke Gapse (melded) {rC+ MR++}
   (You found it on level 8 of the Dungeon)

   It protects you from cold.
   It affects your resistance to hostile enchantments.
Rods
 A - a +1 lightning rod (12/12)
   (You found it in a labyrinth)
Jewellery
 f - a cursed +5 ring of evasion {unknown}
 m - an uncursed ring of protection from cold
 q - a +5 ring of intelligence (right branch)
 s - a +2 ring of slaying (left branch)
 z - an uncursed ring of flight
 Q - a +2 ring of intelligence
Wands
 C - a wand of disintegration (7)
 L - a wand of lightning (7)
Scrolls
 b - 4 scrolls of remove curse
 g - a scroll of identify
 h - a scroll of silence
 i - 4 scrolls of teleportation
 j - a scroll of fog
 l - a scroll of magic mapping
 E - a scroll of blinking
 F - 3 scrolls of enchant armour
 K - 2 scrolls of amnesia
Potions
 c - 7 potions of curing
 d - a potion of might
 n - 3 potions of brilliance
 t - a potion of agility
 u - 3 potions of heal wounds
 x - 3 potions of flight
 R - a potion of magic {unknown}
Miscellaneous
 B - a plain deck of defence {drawn: 5}
Comestibles
 e - 2 bread rations
 k - 5 meat rations
 N - 4 royal jellies


   Skills:
 + Level 11.7(16.7) Fighting
 + Level 11.3(16.3) Axes
 + Level 11.7(16.7) Armour
 + Level 10.3(15.3) Dodging
   Level 3.6(8.6) Shields


You had 10 spell levels left.
You didn't know any spells.

Dungeon Overview and Level Annotations

Branches:
Dungeon (8/15)             Temple (1/1) D:5            Lair (3/8) D:8
  Snake (0/4) Lair:3
  Swamp: Lair:3-6    Shoals: Lair:3-6

Altars:
Dithmenos
Elyvilon
Fedhas
Okawaru
Qazlal
Trog
Vehumet
Xom
The Shining One

Shops:
D:4 (

Annotations:
Lair:2 exclusion: oklob plant


Innate Abilities, Weirdness & Mutations

((You reflexively headbutt those who attack you in melee.))
((You have a pair of horns on your head.))


Message History

Press: ? - help, Shift-Dir - straight line, f - 18-headed hydra
Aim: an 18-headed hydra (severely wounded, chance to defeat MR: 30%)
The 18-headed hydra easily resists.
Evoking this partially-identified wand wasted a few charges.
The 18-headed hydra bites you.
* * * LOW HITPOINT WARNING * * *
The 18-headed hydra bites you but does no damage. x4
The 18-headed hydra barely misses you. The 18-headed hydra bites you.
* * * LOW HITPOINT WARNING * * *
The 18-headed hydra bites you but does no damage.
The 18-headed hydra bites you.
* * * LOW HITPOINT WARNING * * *
The 18-headed hydra bites you.
* * * LOW HITPOINT WARNING * * *
The 18-headed hydra bites you.
* * * LOW HITPOINT WARNING * * *
The 18-headed hydra barely misses you.
The 18-headed hydra bites you but does no damage. x4
The 18-headed hydra bites you.
You die...

#.........## ##...#
##.........###....###
#...........#....#.#
#.................## ####
#...........#....## ###..##
##........P##P...##
#.....###...P#.....P#.....###
............##..............#
...###.........D♣...........#
.....##.)).................##
.....###))........#........P#
......#.....##.....#.....P###
.>.....#....##....#.....###
............#.....P......P##
.....#......#..............#
.....#.....................#
..†###.......#. ...........#


You could see a 18-headed hydra.

Vanquished Creatures
  A minotaur (Lab)
  Harold (Lair:1)
  3 hydras
  A shock serpent (Lair:3)
  Pikel (D:8)
  4 spiny frogs
  2 komodo dragons
  A queen bee (D:8)
  Grinder (D:4)
  Prince Ribbit (D:7)
  3 blink frogs (Lair:2)
  The ghost of Demise the Conjurer, an amateur VSFE (D:5)
  3 nagas (Lair:3)
  2 hippogriffs (Lair:2)
  3 wolves (Lair:1)
  Edmund (D:6)
  2 water moccasins
  An orc warrior (D:8)
  4 slaves (D:8)
  2 porcupines
  A necrophage (D:6)
  4 ogres
  5 crocodiles
  A centaur (D:5)
  A big kobold (Sewer)
  5 scorpions
  2 giant frogs
  A wyvern skeleton (D:6)
  3 wights (D:6)
  2 crimson imps
  26 killer bees (D:8)
  2 electric eels (Lair:3)
  A giant frog zombie (D:6)
  5 hounds
  Crazy Yiuf (D:7)
  5 orc priests
  A giant frog skeleton (D:7)
  5 worker ants
  2 orc wizards
  Terence (D:3)
  5 iguanas
  2 worker ant zombies
  2 river rats (Sewer)
  10 adders
  17 gnolls
  5 shadow imps
  An ooze (D:3)
  2 adder zombies (D:5)
  4 worms
  2 adder skeletons
  25 orcs
  6 bats
  8 giant cockroaches
  7 hobgoblins
  13 jackals
  13 kobolds
  4 ball pythons
  8 giant geckos
  9 giant newts
  7 goblins
  5 quokkas
  A quokka zombie (D:8)
  10 rats
  A fungus (Lair:3)
  A plant (D:8)
280 creatures vanquished.

Vanquished Creatures (collateral kills)
  A naga (Lair:3)
1 creature vanquished.

Vanquished Creatures (others)
  2 fungi
  A plant (Lair:1)
3 creatures vanquished.

Grand Total: 284 creatures vanquished

Notes
Turn   | Place    | Note
--------------------------------------------------------------
     0 | D:1      | Eucla the Minotaur Fighter began the quest for the Orb.
     0 | D:1      | Reached XP level 1. HP: 19/19 MP: 0/0
   152 | D:1      | Reached XP level 2. HP: 20/27 MP: 1/1
   246 | D:1      | Reached skill level 4 in Fighting
   683 | D:1      | Reached XP level 3. HP: 28/33 MP: 2/2
   761 | D:2      | Reached skill level 1 in Dodging
   771 | D:2      | Found a bloodstained altar of Trog.
  1508 | D:2      | Reached XP level 4. HP: 38/41 MP: 3/3
  1735 | D:3      | Noticed Terence
  1786 | D:3      | Killed Terence
  1918 | D:3      | Found a glowing drain.
  1937 | Sewer    | Entered a sewer
  1946 | Sewer    | Reached XP level 5. HP: 38/47 MP: 4/4
  2050 | Sewer    | Noticed a big kobold
  2071 | Sewer    | Killed a big kobold
  2071 | Sewer    | Reached skill level 5 in Fighting
  2091 | Sewer    | Found a white marble altar of Elyvilon.
  2340 | D:3      | Reached skill level 5 in Armour
  2402 | D:3      | HP: 2/48 [orc/trident (1)]
  2403 | D:3      | Reached XP level 6. HP: 2/56 MP: 5/5
  3405 | D:4      | Noticed Grinder
  3413 | D:4      | Paralysed by Grinder for 4 turns
  3421 | D:4      | Paralysed by Grinder for 5 turns
  3432 | D:4      | Killed Grinder
  3432 | D:4      | Reached skill level 5 in Axes
  3432 | D:4      | Reached skill level 6 in Armour
  3432 | D:4      | Reached XP level 7. HP: 28/62 MP: 6/6
  3515 | D:4      | Found Domaczen's Antique Weapon Emporium.
  3521 | D:4      | Bought a faintly glowing hand axe for 184 gold pieces
  3521 | D:4      | Identified the +10 hand axe of the Old World {chop, +Inv Str+3} (You bought it in a shop on level 4 of the Dungeon)
  3729 | D:5      | Entered Level 5 of the Dungeon
  3735 | D:5      | Found a staircase to the Ecumenical Temple.
  3780 | D:5      | Noticed Demise's ghost (amateur VSFE)
  3785 | D:5      | Killed Demise's ghost
  3804 | Temple   | Entered the Ecumenical Temple
  3834 | Temple   | Became a worshipper of Warmaster Okawaru
  4153 | D:5      | Reached skill level 7 in Armour
  4153 | D:5      | Reached XP level 8. HP: 59/71 MP: 7/7
  4332 | D:5      | Found a white marble altar of Elyvilon.
  4336 | D:5      | Found a glowing golden altar of the Shining One.
  4336 | D:5      | Found a blossoming altar of Fedhas.
  4349 | D:5      | Found a stormy altar of Qazlal.
  4353 | D:5      | Found a radiant altar of Vehumet.
  4504 | D:6      | Reached skill level 5 in Dodging
  4734 | D:6      | Reached * piety under Okawaru
  5110 | D:6      | Noticed Edmund
  5122 | D:6      | Killed Edmund
  5122 | D:6      | Reached skill level 8 in Armour
  5453 | D:7      | Noticed Crazy Yiuf
  5458 | D:7      | Killed Crazy Yiuf
  5480 | D:7      | Reached ** piety under Okawaru
  5480 | D:7      | Reached XP level 9. HP: 45/81 MP: 8/8
  6050 | D:7      | Noticed Prince Ribbit
  6061 | D:7      | Killed Prince Ribbit
  6132 | D:8      | Noticed Pikel
  6157 | D:8      | Killed Pikel
  6157 | D:8      | Reached *** piety under Okawaru
  6157 | D:8      | Reached skill level 9 in Fighting
  6229 | D:8      | Found a staircase to the Lair.
  6400 | D:8      | Got a faintly glowing ring mail
  6411 | D:8      | Identified the +10 ring mail of Yke Gapse {rC+ MR++} (You found it on level 8 of the Dungeon)
  6524 | D:8      | Reached XP level 10. HP: 91/91 MP: 9/9
  6533 | D:8      | Reached **** piety under Okawaru
  6656 | D:8      | Found a shimmering altar of Xom.
  7184 | Lair:1   | Entered Level 1 of the Lair of Beasts
  7237 | Lair:1   | Reached skill level 10 in Armour
  7360 | Lair:1   | Reached skill level 10 in Fighting
  7385 | Lair:1   | Noticed a seven-headed hydra
  7442 | Lair:1   | HP: 4/93 [eight-headed hydra (2)]
  7442 | Lair:1   | HP: 1/93 [eight-headed hydra (3)]
  7941 | Lair:1   | Noticed Harold
  7956 | Lair:1   | Killed Harold
  7956 | Lair:1   | Reached ***** piety under Okawaru
  7956 | Lair:1   | Reached skill level 10 in Axes
  8117 | Lair:1   | Noticed a four-headed hydra
  8129 | Lair:1   | Killed an eight-headed hydra
  8465 | Lair:1   | Killed a 19-headed hydra
  8465 | Lair:1   | Received a gift from Okawaru
  8465 | Lair:1   | Reached XP level 11. HP: 40/101 MP: 8/10
  8914 | Lair:2   | Reached skill level 11 in Fighting
  9000 | Lair:2   | Found a labyrinth entrance.
  9036 | Lab      | Entered a labyrinth
  9111 | Lab      | Noticed a minotaur
  9123 | Lab      | Killed a minotaur
  9140 | Lab      | Identified The Last Compendium of the Prophet
 10235 | Lair:3   | Noticed a five-headed hydra
 10245 | Lair:3   | Killed an eight-headed hydra
 10245 | Lair:3   | Reached skill level 10 in Dodging
 10252 | Lair:3   | Received a gift from Okawaru
 10273 | Lair:3   | Found a staircase to the Snake Pit.
 10275 | Lair:3   | Noticed a shock serpent
 10284 | Lair:3   | Killed a shock serpent
 10736 | Lair:3   | Noticed a four-headed hydra
 10783 | Lair:3   | HP: 4/156 [18-headed hydra (5)]
 10783 | Lair:3   | Slain by an 18-headed hydra

Action                   |  1- 3 |  4- 6 |  7- 9 | 10-12 || total
-------------------------+-------+-------+-------+-------++-------
Melee: War axe           |    97 |   175 |       |       ||   272
       Hand axe          |       |    15 |   212 |   193 ||   420
Invok: Heroism           |       |       |     1 |     3 ||     4
Evoke: Deck              |       |       |       |     5 ||     5
       Wand              |       |       |       |     2 ||     2
       Phantom mirror    |       |       |       |     1 ||     1
  Use: Scroll            |       |     1 |       |    19 ||    20
       Potion            |       |     1 |       |     6 ||     7
 Stab: Distracted        |       |       |       |     1 ||     1
  Eat: Chunk             |     2 |     6 |     5 |       ||    13
       Fruit             |       |       |     2 |     3 ||     5
       Pizza             |       |       |     1 |       ||     1
       Beef jerky        |       |       |     1 |       ||     1
       Meat ration       |       |       |     1 |       ||     1
       Royal jelly       |       |       |       |     4 ||     4
